 Dungeon Sprint DCSS version 0.30.1-3-gfc49f6343a (webtiles) character file.

Game seed: 15128797656103829547

262 Groucho the Slasher (level 5, -1/48 HPs)
             Began as a Minotaur Gladiator on July 23, 2023.
             Was an Elder of Uskayaw.
             Slain by a two-headed ogre
             ... wielding a +0 dire flail
              (9 damage)
             ... in the Dungeon (Sprint IX: "|||||||||||||||||||||||||||||").
             The game lasted 00:02:21 (367 turns).

Groucho the Slasher (Minotaur Gladiator)             Turns: 367, Time: 00:02:22

Health: -1/48      AC: 14    Str: 21    XL:     5   Next: 97%
Magic:  6/8        EV:  8    Int:  5    God:    Uskayaw [****..]
Gold:   0          SH:  0    Dex: 17    Spells: 4/4 levels left

rFire   . . .        o - +2 scimitar (flame)
rCold   . . .        (no shield)
rNeg    . . .        p - +0 plate armour
rPois   .            c - +0 hat
rElec   .            (no cloak)
rCorr   .            a - +0 pair of gloves
SInv    .            (no boots)
Will    .....        (no amulet) Stlth
                     q - +3 ring of dexterity
HPRegen 0.28/turn    r - +3 ring of strength
MPRegen 0.11/turn

%: no teleportation
@: hasted, invisible, very quick
A: horns 2, retaliatory headbutt
a: Renounce Religion, Stomp, Line Pass


You were in the Dungeon.
You worshipped Uskayaw.
Uskayaw was noncommittal.
You visited 1 branch

Inventory:

Hand Weapons
 n - a +2 halberd of protection
 o - a +2 scimitar of flaming (weapon)
Missiles
 d - 3 throwing nets (quivered)
 e - a javelin
Armour
 a - a +0 pair of gloves (worn)
 b - a +0 leather armour
 c - a +0 hat (worn)
 p - a +0 plate armour (worn)
Jewellery
 q - a +3 ring of dexterity (left hand)
 r - a +3 ring of strength (right hand)
Wands
 m - a wand of quicksilver (10)
Scrolls
 k - 2 scrolls of blinking
 l - 2 scrolls of amnesia
Potions
 f - 5 potions of curing
 i - 4 potions of magic
 j - 2 potions of heal wounds


   Skills:
 + Level 5.2 Fighting
 * Level 7.6 Long Blades
 - Level 2.0 Throwing
 * Level 6.4 Armour
 + Level 5.3 Dodging
 * Level 4.8 Stealth
 * Level 5.3 Invocations


You had 4 spell levels left.
You didn't know any spells.
Your spell library was empty.

Dungeon Overview and Level Annotations

Branches:
Dungeon (1/1)

Altars:
Cheibriados
Dithmenos
Elyvilon
Fedhas
Gozag
Hepliaklqana
Kikubaaqudgha
Makhleb
Nemelex Xobeh
Okawaru
Qazlal
Ru
Sif Muna
Trog
Uskayaw
Vehumet
Wu Jian
Xom
Yredelemnul
Zin
The Shining One
Jiyva
Lugonu


Innate Abilities, Weirdness & Mutations

You have a pair of horns on your head.
You reflexively headbutt those who attack you in melee.


Message History

The orc wizard is severely wounded.
The orc warrior is no longer paralysed.
The two-headed ogre is no longer paralysed.
Unknown command.
You slash the orc wizard! You burn the orc wizard.
You kill the orc wizard!
You slash the two-headed ogre! You burn the two-headed ogre.
The two-headed ogre is moderately wounded.
The orc warrior shouts!
The two-headed ogre hits you with a +0 dire flail!
The two-headed ogre hits you with a +0 dire flail!!
* * * LOW HITPOINT WARNING * * *
Uskayaw will force your foes to share their pain.
Uskayaw links your audience in an emotional bond!
You bump into the unnaturally hard rock wall.
The orc warrior shouts!
Unknown command.
You slash the two-headed ogre! You burn the two-headed ogre.
Your headbutt misses the two-headed ogre.
The two-headed ogre is heavily wounded.
The orc warrior shouts!
Okay, then.
You closely miss the two-headed ogre.
The two-headed ogre is heavily wounded.
The two-headed ogre is no longer sharing its pain.
The two-headed ogre hits you but does no damage. x2
Unknown command.
Unknown command.
Unknown command.
You bump into the unnaturally hard rock wall.
Unknown command.
Unknown command.
You slash the two-headed ogre! You burn the two-headed ogre.
The two-headed ogre is heavily wounded.
You feel less confused.
The orc warrior is no longer sharing its pain.
The two-headed ogre hits you with a +0 dire flail!
* * * LOW HITPOINT WARNING * * *
The two-headed ogre hits you with a +0 dire flail!
You die...

▓+▓
▓.▓
▓.▓
▓{▓
▓o▓
▓O▓
▓@▓
▓'▓
▓.▓
▓.▓
▓.▓
▓.▓
▓[▓
▓.▓
▓)▓


You could see a two-headed ogre (unable to see you) and an orc warrior (unable
to see you).

Vanquished Creatures
  A scorpion (D)
  A howler monkey (D)
  An orc wizard (D)
  An iguana (D)
  A shadow imp (D)
  A bat (D)
  A giant cockroach (D)
  A kobold (D)
  3 quokkas (D)
  A rat (D)
12 creatures vanquished.

Vanquished Creatures (others)
  A shadow (D)
1 creature vanquished.

Grand Total: 13 creatures vanquished

Notes
Turn   | Place    | Note
-------+----------+-------------------------------------------
     0 | D        | Groucho the Minotaur Gladiator began the quest for the Orb.
     0 | D        | Reached XP level 1. HP: 18/18 MP: 0/0
    10 | D        | Reached skill level 4 in Long Blades
    10 | D        | Reached skill level 1 in Armour
    10 | D        | Reached skill level 1 in Invocations
    11 | D        | Reached skill level 1 in Stealth
    20 | D        | Noticed a scorpion
    20 | D        | Noticed an iguana
    23 | D        | Reached XP level 2. HP: 26/26 MP: 0/2
    33 | D        | Reached skill level 5 in Long Blades
    33 | D        | Reached XP level 3. HP: 31/31 MP: 0/3
    37 | D        | Killed a scorpion
    38 | D        | Reached skill level 6 in Long Blades
    38 | D        | Reached XP level 4. HP: 40/40 MP: 1/5
   276 | D        | Found a snail-covered altar of Cheibriados.
   276 | D        | Found a shadowy altar of Dithmenos.
   276 | D        | Found a white marble altar of Elyvilon.
   276 | D        | Found a blossoming altar of Fedhas.
   276 | D        | Found an opulent altar of Gozag.
   277 | D        | Found a hazy altar of Hepliaklqana.
   278 | D        | Found a viscous altar of Jiyva.
   279 | D        | Found an ancient bone altar of Kikubaaqudgha.
   280 | D        | Found a corrupted altar of Lugonu.
   281 | D        | Found a burning altar of Makhleb.
   282 | D        | Found a sparkling altar of Nemelex Xobeh.
   283 | D        | Found an iron altar of Okawaru.
   284 | D        | Found a stormy altar of Qazlal.
   285 | D        | Found a sacrificial altar of Ru.
   286 | D        | Found a shimmering blue altar of Sif Muna.
   287 | D        | Found a bloodstained altar of Trog.
   292 | D        | Found a hide-covered altar of Uskayaw.
   293 | D        | Found a radiant altar of Vehumet.
   294 | D        | Found an ornate altar of the Wu Jian Council.
   295 | D        | Found a shimmering altar of Xom.
   296 | D        | Found a basalt altar of Yredelemnul.
   297 | D        | Found a glowing silver altar of Zin.
   298 | D        | Found a glowing golden altar of the Shining One.
   300 | D        | Became a worshipper of Uskayaw the Reveller
   347 | D        | Noticed an orc warrior
   347 | D        | Noticed a two-headed ogre
   347 | D        | Noticed a shadow
   351 | D        | Reached * piety under Uskayaw
   352 | D        | Reached skill level 5 in Armour
   352 | D        | Reached XP level 5. HP: 47/47 MP: 5/7
   353 | D        | Reached ** piety under Uskayaw
   355 | D        | Killed a shadow
   356 | D        | Reached skill level 5 in Fighting
   356 | D        | Reached skill level 7 in Long Blades
   356 | D        | Reached skill level 5 in Dodging
   356 | D        | Reached skill level 5 in Invocations
   359 | D        | Reached *** piety under Uskayaw
   362 | D        | Reached **** piety under Uskayaw
   367 | D        | Slain by a two-headed ogre

Illustrated notes

Levels and vault maps discovered:
D:        linesprint [early_d, line_temple, items_1, d_10, items_2, lair_1,
          lair_end, items_3, orc_1, orc_end, items_4, d_15, swamp_1, shoals_1,
          snake_1, spider_1, d_20, vaults_1, items_5, swamp_end, shoals_end,
          snake_end, spider_end, vaults_end, d_27, items_6, zot_1, zot_end,
          crypt_end, forest_end, elf_end, slime_end, tomb_end, abyss_end,
          pan_hell_end]

Skill      XL: |  1  2  3  4  5 |
---------------+----------------+-----
Long Blades    | 4 5 6 7 |  7.6
Armour         | 2 3 4 5 6 |  6.4
Invocations    | 1 2 3 4 5 |  5.3
Stealth        | 1 2 3 4 |  4.8
Fighting       | 3 4 5 |  5.2
Dodging        | 4 5 |  5.3
Throwing       | |  2.0

Action                     |  1- 3 |  4- 6 || total
---------------------------+-------+-------++-------
  Melee: Long sword        |    24 |     1 ||    25
         Headbutt          |     4 |       ||     4
         Scimitar          |       |    15 ||    15
    Use: Potion            |     2 |     2 ||     4
 Armour: Leather armour    |     2 |       ||     2
         Plate armour      |       |     4 ||     4
  Dodge: Dodged            |    16 |     1 ||    17
